 Dungeon Crawl Stone Soup version 0.19-a0-1767-gb375097 (webtiles) character file.

62 AmbiguousPuzuma the Ruffian (level 3, 0/36 HPs)
             Began as a Troll Monk on Oct 2, 2016.
             Slain by Pikel
             ... wielding a +2 whip of flaming
              (3 damage)
             ... on level 4 of the Dungeon.
             The game lasted 00:04:07 (411 turns).

AmbiguousPuzuma the Ruffian (Troll Monk)             Turns: 411, Time: 00:04:08

Health: 0/36       AC:  5    Str: 17 (19) XL:     3   Next: 85%
Magic:  2/2        EV: 10    Int:  3 (6)  God:
Gold:   25         SH:  0    Dex: 11 (13) Spells: 0 memorised, 2 levels left

rFire  . . .     SeeInvis .       - Unarmed
rCold  . . .     Gourm    +     a - +0 robe
rNeg   . . .     Faith    .     (no shield)
rPois  .         Spirit   .     (helmet restricted)
rElec  .         Dismiss  .     (no cloak)
rCorr  .         Reflect  .     (gloves unavailable)
MR     .....     Harm     .     (boots unavailable)
Stlth  +.........               (no amulet)
                                (no ring)
                                (no ring)

@: no status effects
A: unfitting armour, claws 3, fast metabolism 3, gourmand, regeneration 1,
shaggy fur 1, tough skin 2
a: no special abilities


You were on level 4 of the Dungeon.
You were not hungry.

You visited 1 branch of the dungeon, and saw 4 of its levels.

You collected 25 gold pieces.

Inventory:

Armour
 a - a +0 robe (worn)
Wands
 f - a wand of digging (12/24)
   (You took it off Robin on level 2 of the Dungeon)
Scrolls
 e - a scroll of teleportation {unknown}
 g - a scroll of random uselessness {unknown}
Comestibles
 b - 2 bread rations
 c - a slice of pizza


   Skills:
 - Level 2.4 Fighting
 - Level 2.4 Dodging
 - Level 1.1 Stealth
 + Level 4.8 Unarmed Combat


You had 2 spell levels left.
You didn't know any spells.

Dungeon Overview and Level Annotations

Branches:
Dungeon (4/15)
 Temple: D:4-7

Altars:
Ashenzari
Kikubaaqudgha
Okawaru

Annotations:
D:4 Pikel


Innate Abilities, Weirdness & Mutations

You are too large for most types of armour.
You have claws for hands.
Your metabolism is lightning-fast.
You like to eat raw meat.
Your natural rate of healing is unusually fast.
You are covered in fur. (AC +1)
You have very tough skin. (AC +2)


Message History

The bat hits you but does no damage. The bat closely misses you.
The bat barely misses you. The bat hits you.
Found 9 gold pieces.
You take 1 damage, and have 35/36 hp.
The bat barely misses you. x2
Found 16 poisoned needles.
Health restored: 36 The bat barely misses you.
The bat hits you but does no damage. The bat closely misses you.
The bat closely misses you. The bat hits you but does no damage.
The bat misses you.
The adder hisses angrily.
You claw the adder! The bat completely misses you. The bat closely misses you.
The adder barely misses you.
You miss the adder. The bat completely misses you. The adder bites you.
You are poisoned.
The adder poisons you!
You take 2 damage, and have 34/36 hp.
You barely miss the adder. The bat barely misses you.
The adder barely misses you.
You take 1 damage, and have 33/36 hp.
You claw the adder!
You kill the adder!
The bat misses you. The bat misses you. The bat hits you.
You take 2 damage, and have 32/36 hp.
The bat hits you but does no damage. The bat misses you.
You take 1 damage, and have 32/36 hp.
The bat barely misses you.
There is an escape hatch in the floor here.
The bat barely misses you.
You slide downwards.
The hatch slams shut behind you.
Unknown command.
You take 1 damage, and have 33/36 hp.
You take 1 damage, and have 34/36 hp.
Health restored: 36
Found 15 gold pieces.
You take 1 damage, and have 35/36 hp.
Found an ancient bone altar of Kikubaaqudgha.
Health restored: 36 You now have 25 gold pieces (gained 15).
You take 1 damage, and have 35/36 hp.
Health restored: 36
Found 19 stones.
You see here 19 stones.
Found a robe.
Found a stone staircase leading up. 2 slaves come into view.
The slave shouts! x2; You hear a shout! x3
Found 17 stones and a leather armour.
Found a shattered altar of Ashenzari.
Found a leather armour.
Found 17 bolts.
Pikel the Slaver comes into view.
He is wielding a whip of flaming.
Okay, then.
It was a potion of degeneration.
There was something very wrong with that liquid.
You feel weakened.
You feel dopey.
You feel clumsy.
An orc and a slave come into view.
Unknown command.
It was a potion of ambrosia.
You are confused.
You feel invigorated.
The orc shouts!
You miss Pikel. The slave hits you. Pikel hits you with a whip of flaming.
Pikel burns you.
You take 9 damage, and have 27/36 hp.
MASSIVE DAMAGE!!
You claw Pikel! Pikel hits you with a whip of flaming. Pikel burns you.
* * * LOW HITPOINT WARNING * * *
You take 2 damage, and have 25/36 hp.
You scratch the slave. The slave hits you!
* * * LOW HITPOINT WARNING * * *
Pikel hits you with a whip of flaming.
* * * LOW HITPOINT WARNING * * *
Pikel burns you.
* * * LOW HITPOINT WARNING * * *
You take 6 damage, and have 19/36 hp.
You miss the slave.
You feel less invigorated.
You feel less confused. The slave hits you.
* * * LOW HITPOINT WARNING * * *
The slave hits you!
* * * LOW HITPOINT WARNING * * *
The slave hits you but does no damage. Pikel hits you but does no damage.
You take 7 damage, and have 12/36 hp.
You scratch Pikel but do no damage. The slave hits you.
* * * LOW HITPOINT WARNING * * *
The slave hits you.
* * * LOW HITPOINT WARNING * * *
The slave hits you but does no damage. Pikel hits you with a whip of flaming.
* * * LOW HITPOINT WARNING * * *
Pikel burns you.
* * * LOW HITPOINT WARNING * * *
You take 8 damage, and have 4/36 hp.
MASSIVE DAMAGE!!
You barely miss Pikel. The slave closely misses you. The slave hits you.
* * * LOW HITPOINT WARNING * * *
The slave closely misses you. Pikel hits you with a whip of flaming.
You die...

#.########.#.##............#.#
#.# #.#.####.##p#....... #.#
#.....##.##.##.##.# ###.#
#####....p.##.......# ...[# ..
###.#######p.[### #####
#.###.### #p..# ...o..# #...#
#Kp#.#####...#### ##
#.@#.#...........# .#
#.pp.............. .#
#..#.#...........# .#
#.##.#####...##### ## ... ..#
#(..# # ###.#### #...# # ..
#...# ## #.##


You could see Pikel, 3 slaves and an orc.

Vanquished Creatures
  Robin (D:2)
  3 adders
  A worm (D:2)
  10 goblins (D:2)
  6 hobgoblins (D:2)
  A bat (D:2)
  A frilled lizard (D:2)
23 creatures vanquished.

Notes
Turn   | Place    | Note
-------+----------+-------------------------------------------
     0 | D:1      | AmbiguousPuzuma the Troll Monk began the quest for the Orb.
     0 | D:1      | Reached XP level 1. HP: 22/22 MP: 0/0
    59 | D:2      | Reached XP level 2. HP: 9/29 MP: 1/1
    71 | D:2      | Found an iron altar of Okawaru.
    84 | D:2      | Noticed Robin
   168 | D:2      | Reached skill level 4 in Unarmed Combat
   176 | D:2      | Killed Robin
   176 | D:2      | Reached XP level 3. HP: 18/36 MP: 2/2
   319 | D:4      | Found an ancient bone altar of Kikubaaqudgha.
   382 | D:4      | Noticed a slave
   382 | D:4      | Noticed a slave
   389 | D:4      | Found a shattered altar of Ashenzari.
   402 | D:4      | Noticed Pikel
   405 | D:4      | Noticed a slave
   410 | D:4      | HP: 8/36 [slave[Pikel] (4)]
   411 | D:4      | HP: 3/36 [slave[Pikel] (2)]
   411 | D:4      | Slain by Pikel

Vault maps used:
D:1:      tarquinn_simple_flora_water_a, hangedman_decor_clover_reticule,
          minmay_cupped
D:2:      okawaru_gym_becter, ecumenical_altar_2, uniq_robin
D:4:      nicolae_overflow_crystal_walls, ashenzari_altar_1, uniq_pikel

Skill      XL: |  1  2 |
---------------+-------+-----
Unarmed Combat | 4 |  4.8
Fighting       | |  2.4
Dodging        | |  2.4
Stealth        | |  1.1

Action                   || total
-------------------------++-------
Melee: Unarmed           ||    70
       Punch             ||     1
  Use: Potion            ||     2
  Eat: Chunk             ||     2
Armor: Robe              ||    40
Dodge: Dodged            ||    61

Vault maps used:
D:1:      tarquinn_simple_flora_water_a, hangedman_decor_clover_reticule,
          minmay_cupped
D:2:      okawaru_gym_becter, ecumenical_altar_2, uniq_robin
D:4:      nicolae_overflow_crystal_walls, ashenzari_altar_1, uniq_pikel

Table legend:
 A = Turns spent in this place as a percentage of turns spent in the entire game.
 B = Non-inter-level travel turns spent in this place as a percentage of non-inter-level travel turns spent in the entire game.
 C = Inter-level travel turns spent in this place as a percentage of turns spent in this place.
 D = Turns resting spent in this place as a percentage of non-inter-level travel turns spent in this place.
 E = Turns spent auto-exploring this place as a percentage of non-inter-level travel turns spent in this place.
 F = Non-inter-level travel turns spent in this place divided by the number of levels of this place that you've seen.
                   A       B       C       D       E      F
               +-------+-------+-------+-------+-------+----------------------
         Total | 100.0 | 100.0 |   0.5 |   0.0 |   0.0 | 105.2
       Dungeon | 100.0 | 100.0 |   0.5 |   0.0 |   0.0 | 105.2
               +-------+-------+-------+-------+-------+----------------------

Table legend:
 A = Kills in this place as a percentage of kills in entire the game.
 B = Kills by you in this place as a percentage of kills by you in the entire game.
 C = Kills by friends in this place as a percentage of kills by friends in the entire game.
 D = Other kills in this place as a percentage of other kills in the entire game.
 E = Experience gained in this place as a percentage of experience gained in the entire game.
 F = Experience gained in this place divided by the number of levels of this place that you have seen.
                   A       B       C       D       E      F
               +-------+-------+-------+-------+-------+----------------------
         Total | 100.0 | 100.0 |  -nan |  -nan | 100.0 |  22.2
       Dungeon | 100.0 | 100.0 |  -nan |  -nan | 100.0 |  22.2
               +-------+-------+-------+-------+-------+----------------------
